 Dungeon Crawl Stone Soup version 0.29-a0-344-ge2f44be95a (webtiles) character file.

Game seed: 10126063782644085508

2 spaghetti the Sneak (level 1, 4/20 HPs)
             Began as a Deep Dwarf Delver on Apr 22, 2022.
             Quit the game on level 3 of the Dungeon.
             The game lasted 00:00:45 (166 turns).

spaghetti the Sneak (Deep Dwarf Delver)              Turns: 166, Time: 00:00:46

Health: 4/20       AC:  3    Str: 15    XL:     1   Next: 25%
Magic:  1/1        EV: 12    Int: 10    God:
Gold:   50         SH:  0    Dex: 14    Spells: 0/0 levels left

rFire   . . .      SeeInvis .   a - +0 short sword {short}
rCold   . . .      Faith    .   (no shield)
rNeg    . . .      Spirit   .   b - +0 leather armour
rPois   .          Reflect  .   (no helmet)
rElec   .          Harm     .   (no cloak)
rCorr   .          Rampage  .   (no gloves)
Will    .....                   (no boots)
Stlth   +++.......              (no amulet)
HPRegen 0.00/turn               (no ring)
MPRegen 0.07/turn               (no ring)

@: no status effects
A: damage resistance, heal wounds, sense surroundings 1, no regeneration
a: Heal Wounds


You were on level 3 of the Dungeon.
You visited 1 branch of the dungeon, and saw 3 of its levels.

You collected 50 gold pieces.


Innate Abilities, Weirdness & Mutations

You are resistant to damage.
You can heal yourself by infusing magical energy.
You passively map a small area around you.
You do not regenerate.


   Skills:
 - Level 2.6 Fighting
 - Level 1.7 Short Blades
 - Level 2.1 Dodging
 + Level 6.1 Stealth


You couldn't memorise any spells.
You didn't know any spells.
Your spell library was empty.

Inventory:

Hand Weapons
 a - a +0 short sword (weapon) {short}
Armour
 b - a +0 leather armour (worn)
Wands
 g - a wand of digging (3)
Scrolls
 c - a scroll of fog
 d - a scroll of magic mapping {!r}
 e - a scroll of fear
Potions
 f - a potion of haste {@q3}

Dungeon Overview and Level Annotations

Branches:
Dungeon (5/15)
 Temple: D:4-7

Altars:

Shops:
D:5

? ,
+..........rgg.......
####.[.###########...
,, , ##g## , #r# * ,
* #.# , * * #g# , #.#
, * #g# , , * #@# ,
,, * #)# , * * #># ,
........# .######## *
* * ,


You could see 3 gnolls and a rat.


Message History

🤖 Initializing magus.rc ...
Options error: Delay interrupt name "hungry" not recognised. (~/.crawlrc:4761) Options error: Bad monster_list_colour key: strict_neutral (~/.crawlrc:4776) ✅ Successfully initialized magus.rc [v1.9.6] Welcome, spaghetti the Deep Dwarf Delver.
Everyone else who sought the Orb of Zot has failed.
Will you be different?
Press ? for a list of commands and other information.
Found Caud's Magic Scroll Shoppe.
Found a stone staircase leading down and a stone staircase leading up.
Unknown command.
Unknown command.
Unknown command.
There is an entrance to Caud's Magic Scroll Shoppe here.
There is an entrance to Caud's Magic Scroll Shoppe here.
There is a stone staircase leading down here.
You open the door.
There is an open door here.
You open the door.
There is an open door here.
You now have 14 gold pieces.
An iguana comes into view.
An iguana is nearby!
An iguana is nearby!
Found a stone staircase leading up.
An iguana is nearby!
An iguana is nearby!
An iguana comes into view.
There is a stone staircase leading up here.
You climb upwards.
Found 16 gold pieces.
Found a stone staircase leading up and a stone staircase leading down.
There is a stone staircase leading down here.
You now have 30 gold pieces (gained 16).
Found a stone staircase leading up.
Found an escape hatch in the floor.
h - a scroll labelled FYESHRA TEMMYOTS You now have 40 gold pieces (gained 10).
Key pressed, stopping explore.
An orc comes into view. It is wielding a +0 mace.
The orc shouts!
As you read the scroll labelled FYESHRA TEMMYOTS, it crumbles to dust.
It is a scroll of identify.
You don't have any unidentified items.
Key pressed, stopping explore.
An orc comes into view. It is wielding a +0 dagger.
The orc moves out of view.
An orc is nearby!
An orc wizard comes into view. It is wielding a +0 dagger.
A worm comes into view.
The orc shouts!
The orc wizard shouts!
The orc closely misses you. The orc attacks as you move away!
The orc closely misses you. The orc attacks as you move away!
The orc barely misses you.
The orc wizard gestures at you while chanting.
You resist with significant effort.
There is a stone staircase leading up here.
The orc closely misses you.
You climb upwards.
There is a stone staircase leading down here.
Unknown command.
Unknown command.
You hit the orc. The orc barely misses you.
You hit the orc.
You kill the orc!
Things that are here:
a +0 mace {mace}; an orc corpse You now have 50 gold pieces (gained 10).
You see here a +0 leather armour.
A gnoll comes into view. It is wielding a +0 flail.
A gnoll is nearby!
A gnoll is nearby!
A gnoll comes into view. It is wielding a +4 whip of venom.
A rat comes into view. 2 gnolls come into view.
The gnoll shouts! x4; You hear a shout!
The gnoll hits you with a +0 flail! 😮 HP[-5]
You take 5 damage, and now have 15/20 hp.
MASSIVE DAMAGE!! (PAUSE)
Press: ? - help, v - describe, . - travel
Here: a gnoll, wielding a +4 whip of venom The floor.
Okay, then.
Okay, then.
The gnoll attacks as you move away! The gnoll completely misses you.
The gnoll attacks as you move away!
The gnoll hits you with a +0 flail. 😮 HP[-4]
You take 4 damage, and now have 11/20 hp.
The rat twitches its whiskers.
Your library has no spells.
Okay, then.
Okay, then.
The gnoll attacks as you move away! The gnoll misses you.
The gnoll attacks as you move away! The gnoll hits you with a +0 flail!
* * * LOW HITPOINT WARNING * * *
😱 HP[-7]
You take 7 damage, and now have 4/20 hp.
MASSIVE DAMAGE!! (PAUSE)
Okay, then.
Are you sure you want to abandon this character and quit the game? (Confirm with "yes".)

Action                   || total
-------------------------++-------
Melee: Short sword       ||     2
  Use: Scroll            ||     1
Dodge: Dodged            ||     7

Levels and vault maps discovered:
D:3:      cheibrodos_helix_gallery, layout_loops_corners, serial_shops, shop,
          grunt_ministairs_7, uniq_ijyb, uniq_grinder
D:4:      layout_cave_pools, uniq_duvessa, uniq_eustachio
D:5:      layout_basic, ebering_ghost_reflecting_pool, serial_shops,
          nicolae_stop_n_shop_1, uniq_sigmund

Notes
Turn   | Place    | Note
-------+----------+-------------------------------------------
     0 | D:5      | spaghetti the Deep Dwarf Delver began the quest for the
                  | Orb.
     0 | D:5      | Reached XP level 1. HP: 20/20 MP: 1/1
     0 | D:5      | magus.rc [v1.9.6]
    36 | D:5      | Noticed an iguana
    54 | D:5      | Noticed an iguana
   122 | D:4      | Noticed an orc wizard
   164 | D:3      | HP: 4/20 [gnoll/+0 flail (7)]
   166 | D:3      | Quit the game

Vanquished Creatures
  An orc (D:3)
1 creature vanquished.

Table legend:
 A = Non-vault XP
 B = Vault XP
 C = Vault XP percentage of total XP
 D = Non-vault monster count
 E = Vault monster count
 F = Vault count percentage of total count
                 A         B        C        D         E       F
            +---------+---------+-------+---------+---------+-------
      Total |       3 |       0 |   0.0 |       1 |       0 |   0.0
            +---------+---------+-------+---------+---------+-------
        D:3 |       3 |       0 |   0.0 |       1 |       0 |   0.0
            +---------+---------+-------+---------+---------+-------

Illustrated notes

Table legend:
 A = Kills in this place as a percentage of kills in entire the game.
 B = Kills by you in this place as a percentage of kills by you in the entire game.
 C = Kills by friends in this place as a percentage of kills by friends in the entire game.
 D = Other kills in this place as a percentage of other kills in the entire game.
 E = Experience gained in this place as a percentage of experience gained in the entire game.
 F = Experience gained in this place divided by the number of levels of this place that you have seen.
                   A       B       C       D       E      F
               +-------+-------+-------+-------+-------+----------------------
         Total | 100.0 | 100.0 |   N/A |   N/A | 100.0 |   1.0
       Dungeon | 100.0 | 100.0 |   N/A |   N/A | 100.0 |   1.0
               +-------+-------+-------+-------+-------+----------------------

Table legend: (Time is in decaauts)
 A = Elapsed time spent in this place.
 B = Non-inter-level travel time spent in this place.
 C = Inter-level travel time spent in this place.
 D = Time resting spent in this place.
 E = Time spent auto-exploring this place.
 F = Levels seen in this place.
 G = Mean time per level.
                   A        B        C        D        E       F      G
               +--------+--------+--------+--------+--------+-----+--------+
         Total |    165 |    165 |      0 |      0 |    111 |   3 |   55.0 |
       Dungeon |    165 |    165 |      0 |      0 |    111 |   3 |   55.0 |
               +--------+--------+--------+--------+--------+-----+--------+

Top non-repeatable levels by time:
     D:4: 72 daAuts
     D:5: 57 daAuts
     D:3: 35 daAuts
